 Dungeon Crawl Stone Soup version 0.23.2-1-ga50397a (webtiles) character file.

Game seed: 16769493996605131373

304 Kairos the Grave Robber (level 6, 0/46 HPs)
             Began as a Ghoul Necromancer on Apr 24, 2019.
             Slain by an orc
             ... wielding a +0 flail
              (3 damage)
             ... on level 3 of the Dungeon.
             The game lasted 00:08:19 (2556 turns).

Kairos the Grave Robber (Ghoul Necromancer)         Turns: 2556, Time: 00:08:19

Health: 0/46       AC:  4    Str: 19    XL:     6   Next: 38%
Magic:  9/9        EV: 12    Int: 10    God:
Gold:   87         SH:  0    Dex:  9    Spells: 10/11 levels left

rFire    . . .     SeeInvis .     - Unarmed
rCold    + . .     Gourm    .   (no shield)
rNeg     + + +     Faith    .   h - +0 robe (curse)
rPois    ∞         Spirit   .   o - +0 helmet
rElec    .         Reflect  .   (no cloak)
rCorr    .         Harm     +   (no gloves)
MR       .....                  p - +0 pair of boots
Stlth    +++.......             f - amulet of harm
HPRegen  0.00/turn              k - +6 ring of slaying
MPRegen  0.11/turn              j - ring of stealth

@: mighty, about to teleport, rotting
A: rotting body, claws 1, carnivore, cold resistance 1, negative energy
resistance 3, inhibited regeneration, torment resistance, unbreathing
a: no special abilities


You were on level 3 of the Dungeon.
You were not hungry.

You visited 1 branch of the dungeon, and saw 3 of its levels.

You collected 87 gold pieces.

Inventory:

Armour
 a - a +0 robe
 b - a +0 ring mail
 g - a +3 scale mail
 h - a cursed +0 robe (worn)
 l - a +0 chain mail
 n - a +0 leather armour
 o - a +0 helmet (worn)
 p - a +0 pair of boots (worn)
 s - a +2 leather armour of poison resistance
 u - a +2 pair of gloves
Jewellery
 f - an amulet of harm (around neck)
 j - a ring of stealth (right claw)
 k - a +6 ring of slaying (left claw)
Wands
 i - a wand of random effects (13)
Scrolls
 d - 2 scrolls of teleportation
 e - a scroll of immolation
 m - a scroll of fear
Comestibles
 c - 7 rations
 r - 2 chunks of flesh


   Skills:
 + Level 0.3 Fighting
 + Level 2.2 Dodging
 + Level 2.8 Stealth
 * Level 3.6 Unarmed Combat
 + Level 3.1 Spellcasting
 + Level 5.1 Necromancy


You had 10 spell levels left.
You knew the following spells:

 Your Spells              Type           Power        Failure   Level  Hunger
a - Pain                  Necr           ##..         3%          1    #......

Your spell library contained the following spells:

 Spells                   Type           Power        Failure   Level  Hunger
 Animate Skeleton         Necr           N/A          3%          1    #......
 Vampiric Draining        Necr           ##........   10%         3    ###....
 Regeneration             Chrm/Necr      #.........   28%         3    ###....
 Animate Dead             Necr           N/A          32%         4    #####..


Dungeon Overview and Level Annotations

Branches:
Dungeon (3/15)

Altars:
Ashenzari
Gozag

Annotations:
D:3 Ijyb


Innate Abilities, Weirdness & Mutations

Your body is rotting away.
You thrive on raw meat.
You are immune to poison.
You have sharp fingernails.
You are carnivorous and can eat meat at any time.
Your flesh is cold resistant. (rC+)
You are immune to negative energy. (rN+++)
You do not regenerate when monsters are visible.
You are immune to unholy pain and torment.
You can survive without breathing.


Message History

You feel very mighty all of a sudden. The orc closely misses you.
The orc hits you with a +0 flail! The orc priest closely misses you.
Ijyb hits you but does no damage.
You miss Ijyb. The orc hits you with a +0 club.
* * * LOW HITPOINT WARNING * * *
The orc priest hits you from afar with a +0 trident.
* * * LOW HITPOINT WARNING * * *
The orc closely misses you. Ijyb screams, "Me kill you!" Ijyb hits you.
* * * LOW HITPOINT WARNING * * *
The orc closely misses you. The orc priest closely misses you. Ijyb misses you.
You feel less confused.
The orc priest hits you from afar with a +0 trident.
* * * LOW HITPOINT WARNING * * *
The orc barely misses you. Ijyb hits you but does no damage.
As you read the scroll of teleportation, it crumbles to dust.
You feel strangely unstable. The orc hits you but does no damage.
The orc hits you with a +0 flail.
You die...

.###.##......#.#
## #.######+##.#
#.# #..#.# #.#
#.#.# #.# #...#
#.#
#####..########
#..
................
######.oog######
......>o@#
##########


You could see Ijyb, an orc priest and 2 orcs.

Vanquished Creatures
  An orc warrior (D:2)
  A wyvern skeleton (D:2)
  Jessica (D:2)
  Terence (D:2)
  Robin (D:2)
  2 adders (D:2)
  An ooze (D:3)
  A worm (D:3)
  5 leopard geckos
  2 orcs (D:2)
  12 giant cockroaches (D:2)
  14 goblins
  7 hobgoblins
  4 kobolds
  6 bats
  3 frilled lizards
  3 rats
65 creatures vanquished.

Notes
Turn   | Place    | Note
-------+----------+-------------------------------------------
     0 | D:1      | Kairos the Ghoul Necromancer began the quest for the Orb.
     0 | D:1      | Reached XP level 1. HP: 14/14 MP: 2/2
   137 | D:1      | Reached XP level 2. HP: 7/20 MP: 3/3
   873 | D:2      | Noticed Terence
   904 | D:2      | Reached skill level 1 in Unarmed Combat
   904 | D:2      | Reached XP level 3. HP: 10/26 MP: 5/5
   904 | D:2      | Reached XP level 4. HP: 13/33 MP: 6/6
  1376 | D:2      | Noticed Robin
  1417 | D:2      | Killed Robin
  1586 | D:2      | Noticed Jessica
  1589 | D:2      | Killed Jessica
  1589 | D:2      | Reached XP level 5. HP: 38/38 MP: 4/7
  1591 | D:2      | Noticed an orc warrior
  1649 | D:2      | Killed an orc warrior
  1649 | D:2      | Reached skill level 5 in Necromancy
  1649 | D:2      | Reached XP level 6. HP: 14/45 MP: 2/9
  2242 | D:2      | Killed Terence
  2427 | D:3      | Found a shattered altar of Ashenzari.
  2440 | D:3      | Found an opulent altar of Gozag.
  2546 | D:3      | Noticed Ijyb
  2556 | D:3      | Slain by an orc

Skill      XL: |  1  2  3  4  5 |
---------------+----------------+-----
Spellcasting   | 2 3 |  3.1
Dodging        | 2 |  2.2
Unarmed Combat | 1 2 3 |  3.6
Necromancy     | 5 |  5.1
Fighting       | |  0.3
Stealth        | |  2.8

Action                   |  1- 3 |  4- 6 || total
-------------------------+-------+-------++-------
Melee: Unarmed           |    40 |    78 ||   118
 Cast: Pain              |     2 |    38 ||    40
  Use: Potion            |       |     3 ||     3
       Scroll            |       |     8 ||     8
 Stab: Sleeping          |     2 |     4 ||     6
  Eat: Chunk             |     1 |     9 ||    10
Armor: Robe              |    20 |    12 ||    32
Dodge: Dodged            |    27 |    62 ||    89
